 Dungeon Crawl Stone Soup version 0.30.1 (webtiles) character file.

Game seed: 6729678533519541257

3494 ANNNA the Covert (level 10, -1/54 HPs)
             Began as a Kobold Conjurer on July 5, 2023.
             Was an Initiate of Ashenzari.
             Slain by a boulder beetle (13 damage)
             ... on level 9 of the Dungeon.
             The game lasted 00:31:17 (10637 turns).

ANNNA the Covert (Kobold Conjurer)                 Turns: 10637, Time: 00:31:19

Health: -1/54      AC: 11    Str:  8    XL:     10   Next: 28%
Magic:  15/19      EV: 19    Int: 22    God:    Ashenzari [......]
Gold:   409        SH:  0    Dex: 18    Spells: 13/21 levels left

rFire   . . .        x - +6 short sword of Mypt {heavy, Dex+3}
rCold   . . .        (no shield)
rNeg    . . .        u - +1 animal skin
rPois   .            I - +2 helmet {Int+3}
rElec   .            (no cloak)
rCorr   .            (no gloves)
SInv    .            L - +0 pair of boots
Will    .....        (no amulet)
Stlth   ++++++       n - +4 ring of protection
HPRegen 0.29/turn    p - ring of wizardry
MPRegen 0.16/turn

%: wizardry (x1)
@: studying Staves
A: small, no large weapons, nightstalker 3
a: Renounce Religion, Curse Item


You were on level 9 of the Dungeon.
You worshipped Ashenzari.
Ashenzari was noncommittal.
You visited 2 branches of the dungeon, and saw 10 of its levels.
You also visited: Sewer.

You collected 472 gold pieces.
You spent 63 gold pieces at shops.

Inventory:

Hand Weapons
 k - the +3 quarterstaff of the Dripping Gods {heavy, Contam rElec Int-2 Dex+5 SInv}
   (You found it in a sewer)

   Int:       It affects your intelligence (-2).
   Dex:       It affects your dexterity (+5).
   rElec:     It insulates you from electricity.
   SInv:      It lets you see invisible.
   Contam:    It causes magical contamination when unequipped.
 x - the +6 short sword of Mypt (weapon) {heavy, Dex+3}
   (You found it on level 3 of the Dungeon)

   Dex:       It affects your dexterity (+3).
Missiles
 i - 31 stones (quivered)
 y - 7 poisoned darts
Armour
 u - a +1 animal skin (worn)
 I - a +2 helmet of intelligence (worn)
 K - a +4 chain mail
 L - a +0 pair of boots (worn)
Jewellery
 n - a +4 ring of protection (left hand)
 p - a ring of wizardry (right hand)
 q - a ring of protection from fire
 M - a ring of wizardry
Wands
 a - a wand of iceblast (9)
 e - a wand of flame (11)
 v - a wand of polymorph (21)
 C - a wand of paralysis (3)
 D - a wand of mindburst (4)
Scrolls
 f - 2 scrolls of torment {unknown}
 g - 2 scrolls of immolation
 h - a scroll of fog {unknown}
 j - 3 scrolls of magic mapping
 l - 4 scrolls of amnesia
 m - 3 scrolls of blinking {unknown}
 r - 3 scrolls of identify
 w - 2 scrolls of teleportation
 E - 2 scrolls of vulnerability {unknown}
 F - a scroll of enchant weapon
 G - 2 scrolls of noise {unknown}
Potions
 b - a potion of magic
 c - 3 potions of curing
 d - a potion of resistance {unknown}
 o - 2 potions of attraction {unknown}
 s - 2 potions of flight {unknown}
 t - 2 potions of degeneration {unknown}
 z - 2 potions of heal wounds {unknown}
 A - 3 potions of berserk rage {unknown}
 B - a potion of invisibility {unknown}
 H - a potion of brilliance {unknown}
 J - a potion of might {unknown}


   Skills:
 + Level 2.3 Fighting
 * Level 6.1 Short Blades
 + Level 0.8 Polearms
 * Level 8.2 Dodging
 * Level 11.2 Stealth
 * Level 6.1 Spellcasting
 + Level 5.5 Conjurations
 * Level 4.5 Evocations


You had 13 spell levels left.
You knew the following spells:

 Your Spells              Type           Power      Damage    Failure   Level
a - Magic Dart            Conj           100%       1d8       1%          1
b - Searing Ray           Conj           62%        2d6       1%          2
c - Stone Arrow           Conj/Erth      36%        3d9       3%          3
d - Passwall              Tmut/Erth      5%         N/A       6%          2

Your spell library contained the following spells:

 Spells                   Type           Power      Damage    Failure   Level
 Sandblast                Erth           12%        2d6       3%          1
 Dazzling Flash           Conj/Hex       36%        N/A       3%          3
 Mephitic Cloud           Conj/Pois/Air  14%        N/A       5%          3
 Call Imp                 Summ           12%        N/A       6%          2
 Poisonous Vapours        Pois/Air       12%        N/A       6%          2
 Fulminant Prism          Conj/Hex       9%         3d6       12%         4
 Iskenderun's Mystic Bla  Conj/Tloc      18%        2d6       12%         4
 Freezing Cloud           Conj/Ice/Air   7%         6-21      41%         5


Dungeon Overview and Level Annotations

Branches:
Dungeon (9/15)             Temple (1/1) D:6           Sewer (visited)
   Lair: D:8-11         Orc: D:9-12

Altars:
Ashenzari
Cheibriados
Dithmenos
Elyvilon
Fedhas
Gozag
Hepliaklqana
Kikubaaqudgha
Makhleb
Nemelex Xobeh
Okawaru
Qazlal
Ru
Sif Muna
Trog
Vehumet
Xom
Yredelemnul
Zin

Shops:
D:8 [

Annotations:
D:8 Gastronok, Maurice


Innate Abilities, Weirdness & Mutations

You are small and have problems with some larger weapons.
You are completely attuned to the shadows.


Message History

You finish channelling your searing ray.
The boulder beetle leaps!
Aiming: Iceblast
Press: ? - help, Shift-Dir - straight line, f/p - boulder beetle
Aim: a boulder beetle (severely wounded)
The mass of ice explodes!
The iceblast engulfs the boulder beetle.
The boulder beetle is severely wounded.
The boulder beetle leaps!
Aiming: Throw Flame
Press: ? - help, Shift-Dir - straight line, f/p - boulder beetle
Aim: a boulder beetle (severely wounded, 100% to hit)
The puff of flame hits the boulder beetle but does no damage.
The boulder beetle is severely wounded.
Aiming: Throw Flame
Press: ? - help, Shift-Dir - straight line, f/p - boulder beetle
Aim: a boulder beetle (severely wounded, 100% to hit)
The puff of flame hits the boulder beetle.
The boulder beetle is severely wounded.
The boulder beetle bites you but does no damage.
Aiming: Throw Flame
Press: ? - help, Shift-Dir - straight line, f/p - boulder beetle
Aim: a boulder beetle (severely wounded, 100% to hit)
The puff of flame hits the boulder beetle.
The boulder beetle is almost dead.
The boulder beetle bites you!!
* * * LOW HITPOINT WARNING * * *
Aiming: Throw Flame
Press: ? - help, Shift-Dir - straight line, f/p - boulder beetle
Aim: a boulder beetle (almost dead, 100% to hit)
The puff of flame hits the boulder beetle but does no damage.
The boulder beetle is almost dead.
The boulder beetle misses you.
Aiming: Throw Flame
Press: ? - help, Shift-Dir - straight line, f/p - boulder beetle
Aim: a boulder beetle (severely wounded, 100% to hit)
The puff of flame hits the boulder beetle but does no damage.
The boulder beetle is severely wounded.
The boulder beetle bites you!
You die...

#..~≈≈# #..~≈≈#..
#..~≈≈+..# +
#..~~≈#..# .#
#..~~≈#..##..#
#..~≈≈#......+
#..~≈8#......#
#.#####'##+###
#.#....@.#
#.#...!B.#
#.#......#
#.######## ###
#....########.#
#..........##.#...
#..#######....####
#..# ### #..##.###
#..#######.....###


You could see a boulder beetle.

Vanquished Creatures
  5 water moccasins
  3 orc warriors
  A sky beast (D:6)
  2 black bears
  An ogre (D:5)
  2 centaurs (D:8)
  3 bullfrogs
  A gnoll sergeant (D:7)
  4 scorpions
  9 wights
  9 killer bees
  2 electric eels (D:8)
  2 hounds
  3 jellies
  2 orc priests
  2 sleepcaps
  An iguana (D:5)
  6 orc wizards
  Robin (D:2)
  4 gnolls (D:7)
  9 adders
  A shadow imp (D:7)
  3 white imps
  An ufetubus (D:5)
  2 worms
  30 orcs
  4 ball pythons
  11 endoplasms
  6 giant cockroaches
  15 goblins
  6 hobgoblins
  11 jackals
  6 quokkas
  7 bats
  A frilled lizard (D:1)
  4 kobolds
  6 rats
186 creatures vanquished.

Notes
Turn   | Place    | Note
-------+----------+-------------------------------------------
     0 | D:1      | ANNNA the Kobold Conjurer began the quest for the Orb.
     0 | D:1      | Reached XP level 1. HP: 10/10 MP: 3/3
   263 | D:1      | Found a faded altar of an unknown god.
   276 | D:1      | Reached XP level 2. HP: 15/15 MP: 3/5
   279 | D:1      | Learned a level 2 spell: Searing Ray
   597 | D:1      | Reached skill level 3 in Stealth
   896 | D:1      | Reached XP level 3. HP: 13/19 MP: 6/6
  1919 | D:2      | Reached XP level 4. HP: 24/24 MP: 3/7
  2209 | D:2      | Noticed Robin
  2224 | D:2      | Reached skill level 4 in Stealth
  2583 | D:2      | Killed Robin
  2641 | D:2      | Learned a level 3 spell: Stone Arrow
  2644 | D:2      | Learned a level 2 spell: Passwall
  2869 | D:3      | Identified the +6 short sword of Mypt {heavy, Dex+3}
  3243 | D:3      | Reached XP level 5. HP: 28/28 MP: 9/9
  3802 | D:4      | Reached skill level 5 in Stealth
  3817 | D:4      | Reached skill level 1 in Short Blades
  3817 | D:4      | Reached XP level 6. HP: 23/33 MP: 0/10
  3925 | D:4      | Noticed a black bear
  3930 | D:4      | Killed a black bear
  3931 | D:4      | Reached skill level 6 in Stealth
  4309 | D:5      | Entered Level 5 of the Dungeon
  4330 | D:5      | Reached skill level 1 in Fighting
  4330 | D:5      | Reached XP level 7. HP: 37/38 MP: 5/12
  4353 | D:5      | Found a glowing drain.
  4362 | Sewer    | Entered a sewer
  4436 | Sewer    | Noticed a water moccasin
  4444 | Sewer    | Killed a water moccasin
  4445 | Sewer    | Reached skill level 7 in Stealth
  4496 | Sewer    | Identified the +3 quarterstaff of the Dripping Gods {heavy,
                  | Contam rElec Int-2 Dex+5 SInv}
  4954 | D:5      | Reached skill level 8 in Stealth
  4954 | D:5      | Reached XP level 8. HP: 21/43 MP: 8/13
  5497 | D:5      | Reached skill level 1 in Evocations
  6272 | D:6      | Reached skill level 5 in Dodging
  6417 | D:6      | Reached skill level 9 in Stealth
  6572 | D:6      | Found a white marble altar of Elyvilon.
  6953 | D:6      | Found a staircase to the Ecumenical Temple.
  6961 | Temple   | Entered the Ecumenical Temple
  6964 | Temple   | Found a transporter.
  6964 | Temple   | Found a transporter.
  6966 | Temple   | Found a transporter.
  6966 | Temple   | Found a transporter.
  7006 | Temple   | Became a worshipper of Ashenzari the Shackled
  7092 | D:6      | Found an iron altar of Okawaru.
  7509 | D:7      | Reached skill level 5 in Conjurations
  7534 | D:7      | Reached XP level 9. HP: 47/47 MP: 7/15
  7783 | D:7      | Reached skill level 5 in Short Blades
  7801 | D:7      | Reached skill level 5 in Spellcasting
  8481 | D:7      | Reached skill level 10 in Stealth
  8875 | D:7      | Found a blossoming altar of Fedhas.
  9237 | D:8      | Reached XP level 10. HP: 53/53 MP: 18/18
  9471 | D:8      | Noticed a two-headed ogre
  9694 | D:8      | Found Wanac's Armour Boutique.
  9700 | D:8      | Bought a +0 pair of boots for 63 gold pieces
  9896 | D:8      | Reached skill level 11 in Stealth
 10195 | D:8      | Noticed Maurice
 10248 | D:8      | Noticed Gastronok
 10495 | D:9      | Found an opulent altar of Gozag.
 10617 | D:9      | Noticed a boulder beetle
 10637 | D:9      | Slain by a boulder beetle

Illustrated notes

Levels and vault maps discovered:
D:1:      dpeg_arrival_long_road, layout_basic,
          hellmonk_ecumenical_altar_blasted
D:2:      layout_loops_cross, grunt_ministairs_9, uniq_robin
D:3:      layout_loops_ring, chequers_jeans
D:4:      layout_rooms
D:5:      layout_basic, cheibrodos_sewer_entry_sluice, hex_large,
          minmay_small_thing
D:6:      layout_cave_pods, hellmonk_okawaru_the_only_friend_you_need,
          elyvilon_altar_1, temple_pool_b
D:7:      layout_loops_ring, kennysheep_little_box, hangedman_decor_opposing
D:8:      layout_layer_cave, serial_shops, shop, chequers_big_river,
          uniq_maurice, uniq_gastronok
D:9:      layout_big_octagon, lemuel_doored_altar, nicolae_tso_carved_into_rock,
          serial_ice, serial_ice_a, serial_ice_l, serial_ice_h, serial_ice_e,
          evilmike_minifort
Temple:   hellmonk_temple_divided_pantheon

Skill      XL: |  1  2  3  4  5  6  7  8  9 10 |
---------------+-------------------------------+-----
Stealth        | 3 4 5 6 8 9 10 11 | 11.2
Dodging        | 3 4 5 7 8 |  8.2
Spellcasting   | 3 4 5 6 |  6.1
Short Blades   | 1 3 4 5 6 |  6.1
Fighting       | 1 2 |  2.3
Evocations     | 2 4 |  4.5
Conjurations   | 5 |  5.5
Polearms       | |  0.8

Action                     |  1- 3 |  4- 6 |  7- 9 | 10-12 || total
---------------------------+-------+-------+-------+-------++-------
  Melee: Unarmed           |     1 |       |       |       ||     1
         Spear             |    65 |    34 |       |       ||    99
         Short sword       |       |    44 |    95 |    26 ||   165
         Punch             |       |       |       |     1 ||     1
  Throw: Stone             |       |       |     1 |     1 ||     2
   Cast: Magic Dart        |    43 |    25 |    22 |       ||    90
         Searing Ray       |     2 |     9 |    35 |    13 ||    59
         Stone Arrow       |       |     3 |       |       ||     3
  Evoke: Wand              |       |       |    12 |    16 ||    28
    Use: Scroll            |       |     1 |     1 |     6 ||     8
   Stab: Sleeping          |     4 |    18 |    14 |     2 ||    38
         Distracted        |       |       |     1 |       ||     1
 Armour: Robe              |    12 |    10 |       |       ||    22
         Animal skin       |       |    21 |    40 |    13 ||    74
         Skin              |       |       |    58 |       ||    58
  Dodge: Dodged            |    55 |    61 |   145 |    47 ||   308
